[Event "*** Titled Tuesday 3|2 Blitz"]
[Site "Chess.com"]
[Date "2015.08.04"]
[Round "9"]
[White "Tobi-Wan-Kenobi"]
[Black "Chesseducation4u"]
[Result "1-0"]
[WhiteElo "2400"]
[BlackElo "2475"]
[TimeControl "180+2"]
[EndTime "13:27:36 PDT"]
[Termination "Tobi-Wan-Kenobi won on time"]

1. e4 e6 2. d4 d5 3. Nc3 Nc6 4. Nf3 Nf6 5. e5 Ne4 6. a3 Nxc3 7. bxc3 h6 8. h4 Na5 9. h5 c5 10. Bd3 Bd7 11. O-O c4 12. Be2 Ba4 13. Bf4 Be7 14. Qd2 Kd7 15. Rfe1 Qg8 16. Nh2 Qh7 17. Ra2 b5 18.
Bg4 Kc6 19. Nf1 g6 20. Ne3 Rag8 21. Bh2 Qg7 22. Rf1 Bh4 23. f4 Re8 24. Bh3 Rhg8 25. Raa1 gxh5 26. f5 Kb7 27. Qe2 Bg5 28. Bf4 Bxf4 29.
Rxf4 Qg5 30. Raf1 Re7 31. Qf3 Nc6 32. Rf2 a5 33. fxe6 fxe6 34. Rf6 Nd8 35. Nxd5 exd5 36. Qxd5+ Kb8 37. Rf8 Rxf8 38. Rxf8 1-0

[Event "*** Titled Tuesday 3|2 Blitz"]
[Site "Chess.com"]
[Date "2015.08.04"]
[Round "9"]
[White "Prolta"]
[Black "myaccount88"]
[Result "0-1"]
[WhiteElo "1694"]
[BlackElo "2148"]
[TimeControl "180+2"]
[EndTime "13:27:39 PDT"]
[Termination "myaccount88 won on time"]

1. Nf3 g6 2. d4 Bg7 3. e3 e6 4. Be2 Ne7 5. O-O O-O 6. b3 d5 7.
Ba3 Nd7 8. Nbd2 b6 9. c4 Bb7 10. cxd5 exd5 11. Rc1 Re8 12. Qc2 c6 13. Bd6 Nf5 14.
Bg3 Nxg3 15. hxg3 a6 16. Ne1 c5 17. dxc5 bxc5 18. Bf3 Rc8 19. Qb1 Ne5 20. Be2 h5 21. Nef3 Ng4 22. Rcd1 d4 23. exd4 Rxe2 24. dxc5 Rxc5 25.
Nc4 Qe7 26. Rd2 Rxd2 27. Ncxd2 Qc7 28. Nc4 Bd5 29. Ne3 Nxe3 30. fxe3 Qxg3 31. Qe1 Qxe1 32. Rxe1 Rc2 33. e4 Be6 34. Rd1 Rxa2 35. Rd2 Ra1+ 36.
Kh2 Bxb3 37. Kg3 Bf6 38. Rd6 Be6 39. e5 Be7 40. Rb6 h4+ 41. Nxh4 Ra3+ 0-1

[Event "*** Titled Tuesday 3|2 Blitz"]
[Site "Chess.com"]
[Date "2015.08.04"]
[Round "9"]
[White "SenseiJulio"]
[Black "Beca95"]
[Result "0-1"]
[WhiteElo "2555"]
[BlackElo "2584"]
[TimeControl "180+2"]
[EndTime "13:27:49 PDT"]
[Termination "Beca95 won by resignation"]

1. d4 Nf6 2. c4 c5 3. d5 e6 4. Nc3 exd5 5. cxd5 d6 6. e4 g6 7. f4 Bg4 8. Bb5+ Nbd7 9. Qb3 Nh5 10. Nge2 a6 11. Bxd7+ Qxd7 12. h3 Bxe2 13. Nxe2 Bg7 14. O-O O-O 15. a4 Rfe8 16. Qf3 f5 17. exf5 Qxf5 18.
g4 Qc2 19. Rf2 Qd1+ 20. Kg2 Nf6 21. Nc3 Qd4 22. Ra3 c4 23. a5 Ne4 24. Nxe4 Rxe4 25. Rd2 Rxf4 26. Rxd4 Rxf3 27. Rxc4 Rxa3 28. bxa3 Re8 29.
Rc7 Bd4 30. Rxb7 Re5 31. Rb3 Bc5 32. Rd3 Re4 33. Bh6 Kf7 34. Rb3 Kf6 35. Kf3 Ra4 36.
Rb8 Rxa3+ 37. Ke4 Ra4+ 38. Kf3 Rxa5 39. Re8 Ra3+ 40. Kf4 Kf7 41. Rf8+ Ke7 42. Rh8 Be3+ 43. Ke4 Bxh6 44. Rxh7+ Kf6 45. Rxh6 Ra4+ 46. Kd3 a5 47. h4 Rxg4 48. h5 Kg7 0-1

[Event "*** Titled Tuesday 3|2 Blitz"]
[Site "Chess.com"]
[Date "2015.08.04"]
[Round "9"]
[White "mortalbovine"]
[Black "BjarkeSahl"]
[Result "0-1"]
[WhiteElo "1767"]
[BlackElo "2105"]
[TimeControl "180+2"]
[EndTime "13:27:54 PDT"]
[Termination "BjarkeSahl won by resignation"]

1. e4 c5 2. d4 cxd4 3. c3 d5 4. e5 Nc6 5. cxd4 Bf5 6. Nf3 e6 7. Bd3 Nge7 8. O-O Bxd3 9. Qxd3 Nf5 10. Nc3 Be7 11. Be3 O-O 12. Rac1 f6 13. Bf4 g5 14.
exf6 Bxf6 15. Be5 g4 16. Bxf6 Qxf6 17. Ne5 Nxe5 18. dxe5 Qxe5 19. Rfe1 Qf6 20. Re2 Rae8 21. Rce1 Nd4 22. Re5 Qxf2+ 23. Kh1 Nf5 24. Nxd5 Nh4 25. Qe2 Qxe2 26. R5xe2 g3 27. hxg3 Nf5 28. Rxe6 Nxg3+ 29.
Kh2 Nf1+ 30. Kg1 Rxe6 31. Rxe6 Ng3 32. Re7 Rf7 33. Rxf7 Kxf7 34. Kf2 Nf5 35. Kf3 Ke6 36. Nf4+ Ke5 37. Nd3+ Kd4 38. Nf4 Nd6 39. Ne6+ Kd3 40.
Nc5+ Kc2 41. b3 Kb2 42. a4 b6 43.
Ne6 Kxb3 44. Nf8 h6 45. Kg4 Kxa4 46. Kh5 b5 47. Kxh6 b4 48. Ne6 b3 49. Nc5+ Ka3 50.
Nxb3 Kxb3 51. g4 a5 52. g5 Nf7+ 53. Kg6 Nxg5 54. Kxg5 a4 0-1

[Event "*** Titled Tuesday 3|2 Blitz"]
[Site "Chess.com"]
[Date "2015.08.04"]
[Round "9"]
[White "Imre91"]
[Black "dretch"]
[Result "0-1"]
[WhiteElo "2618"]
[BlackElo "2609"]
[TimeControl "180+2"]
[EndTime "13:27:57 PDT"]
[Termination "dretch won by checkmate"]

1. d4 d5 2. Nf3 Nf6 3. c4 c6 4. Qc2 dxc4 5. Qxc4 Bf5 6. g3 e6 7. Bg2 Nbd7 8. O-O Bd6 9. e3 O-O 10. Qe2 e5 11. Nc3 Qe7 12. Re1 Rad8 13. h3 h6 14. Kh2 e4 15. Nd2 Nb6 16. a4 h5 17. Kg1 Nbd5 18. Nc4 Bc7 19. Na2 Qe6 20. Qf1 Nh7 21.
h4 g5 22. f4 gxh4 23. gxh4 Kh8 24. Ne5 f6 25. Nc4 Rg8 26. Kh2 Rg4 27. Qf2 Rdg8 28. Rg1 R8g6 29. Bd2 Qg8 30. b3 Nf8 31. Nc3 Ne6 32.
Bxe4 Nexf4 33. exf4 Nxf4 34. Ne5 Bxe4 35. Nxe4 Bxe5 36. Rxg4 Rxg4 37. Kh1 Nd3 38. dxe5 Nxf2+ 39. Nxf2 Rxh4+ 40. Nh3 Rxh3# 0-1

[Event "*** Titled Tuesday 3|2 Blitz"]
[Site "Chess.com"]
[Date "2015.08.04"]
[Round "9"]
[White "jefferyx"]
[Black "ChadaevNikolay"]
[Result "0-1"]
[WhiteElo "2446"]
[BlackElo "2613"]
[TimeControl "180+2"]
[EndTime "13:27:57 PDT"]
[Termination "ChadaevNikolay won by resignation"]

1. e4 c5 2. Nf3 Nc6 3. Bb5 d6 4. O-O Bd7 5. Re1 Nf6 6. c3 a6 7. Bf1 Bg4 8. h3 Bxf3 9. Qxf3 g6 10. d3 Bg7 11. Be3 Nd7 12. Nd2 O-O 13. Qd1 b5 14. Nf3 Nb6 15. d4 cxd4 16. cxd4 Na4 17. Qd2 Qb8 18. b3 Nb6 19. a4 bxa4 20. bxa4 a5 21.
Bb5 Nb4 22. Rac1 d5 23. e5 e6 24. Bh6 Rc8 25. Qf4 Nc4 26. Ng5 Rc7 27. Bxg7 Kxg7 28.
Bxc4 dxc4 29. Rxc4 Nd5 30. Qh4 h6 31. Rxc7 Qxc7 32.
Ne4 Rd8 33. Nc5 Rb8 34. Rc1 Qc6 35. Qe4 Rb4 36. Kh2 Rxa4 37. h4 Ra2 38. h5 Rxf2 39.
hxg6 fxg6 40. Nd3 Rc2 41. Nf4 Rxc1 42. Qxg6+ Kf8 43. Qxh6+ Ke8 44. Nxe6 Ke7 45. Qg7+ Kxe6 46. Qg4+ Ke7 0-1

[Event "*** Titled Tuesday 3|2 Blitz"]
[Site "Chess.com"]
[Date "2015.08.04"]
[Round "9"]
[White "GMHess"]
[Black "Zlatan56"]
[Result "1/2-1/2"]
[WhiteElo "2546"]
[BlackElo "2485"]
[TimeControl "180+2"]
[EndTime "13:28:05 PDT"]
[Termination "Game drawn by repetition"]

1. c4 e5 2. Nc3 Nf6 3. Nf3 Nc6 4. e3 Bb4 5. Qc2 d6 6. Be2 O-O 7. a3 Bxc3 8. Qxc3 e4 9. Nd4 Ne5 10. b4 b6 11. f4 exf3 12. Nxf3 Ne4 13. Qd4 Bb7 14.
O-O Qe7 15. d3 c5 16. Qb2 Ng5 17. Nxe5 dxe5 18. e4 f6 19. Bxg5 fxg5 20. b5 g6 21.
a4 Qd6 22. a5 Rxf1+ 23. Bxf1 Rf8 24. axb6 axb6 25. h3 Bc8 26. Be2 h5 27. Rf1 Rf4 28. Qa1 Qb8 29. g3 Rxf1+ 30. Bxf1 Kg7 31. Qc1 Kf6 32.
h4 gxh4 33. gxh4 Qd6 34. Qh6 Be6 35. Kg2 Qd4 36. Qf8+ Bf7 37. Qb8 Qb2+ 38. Kg3 Qd2 39. Qd6+ Be6 40. Qf8+ Bf7 41. Qd6+ Be6 42. Qf8+ Bf7 43.
Qd6+ Be6 44. Qd8+ Kf7 45. Qc7+ Kf6 46. Qd8+ Kf7 47. Qc7+ Kf6 48. Qd8+ 1/2-1/2

[Event "*** Titled Tuesday 3|2 Blitz"]
[Site "Chess.com"]
[Date "2015.08.04"]
[Round "9"]
[White "petrpalachev"]
[Black "LyonBeast"]
[Result "0-1"]
[WhiteElo "2371"]
[BlackElo "2680"]
[TimeControl "180+2"]
[EndTime "13:28:09 PDT"]
[Termination "LyonBeast won by resignation"]

1. d4 e6 2. Nf3 f5 3. g3 Be7 4.
Bg2 g5 5. d5 g4 6. Nd4 Bf6 7.
e4 Ne7 8. h3 c5 9. dxc6 Nbxc6 10. Nxc6 bxc6 11. hxg4 fxe4 12. g5 Bg7 13. Qh5+ Ng6 14.
Bxe4 Qa5+ 15. c3 Qe5 16. Qe2 Ba6 17. Bxg6+ hxg6 18. Rxh8+ Bxh8 19. Qxe5 Bxe5 20. f4 Bc7 21. Be3 Kf7 22. Bd4 e5 23. Bxe5 Bxe5 24. fxe5 Rh8 25.
Kd2 Rh2+ 26. Ke3 Rh1 27. b3 Ke6 28. c4 Kxe5 29. Kd3 d5 30. a4 c5 31. Kc2 d4 32.
Kb2 Bb7 33. Nd2 Rxa1 34. Kxa1 d3 35. Kb2 Kd4 36. a5 a6 37. Nb1 Ke3 38. Kc3 Bc8 39.
Nd2 Bf5 40. Nb1 Kf3 41. b4 cxb4+ 42. Kxb4 Kxg3 43. c5 Kf4 44. c6 Kxg5 45. c7 Kf4 46. Kc3 Ke3 47. Na3 Ke2 48. Nc4 Be6 49. Nd2 g5 50. Ne4 g4 51. Ng3+ Ke3 52. Nf1+ Kf2 53. Nd2 Bf5 54. Ne4+ Ke3 55. Ng3 Bc8 56. Nf1+ Kf2 57. Nd2 Ke2 58. Ne4 d2 59. Nxd2 g3 60.
Nb3 g2 61. Nd4+ Kf2 0-1

[Event "*** Titled Tuesday 3|2 Blitz"]
[Site "Chess.com"]
[Date "2015.08.04"]
[Round "9"]
[White "Tesla37"]
[Black "Mugzyyy"]
[Result "0-1"]
[WhiteElo "2546"]
[BlackElo "2644"]
[TimeControl "180+2"]
[EndTime "13:28:16 PDT"]
[Termination "Mugzyyy won by resignation"]

1. e4 c5 2. Nf3 d6 3. d4 cxd4 4. Nxd4 Nf6 5. Nc3 g6 6. g3 Bg7 7. Bg2 O-O 8. O-O Nc6 9. Nde2 Rb8 10. a4 a6 11. h3 b5 12. axb5 axb5 13. Re1 b4 14.
Nd5 Nd7 15. Ra2 e6 16. Ndf4 Nc5 17. b3 Ba6 18. Be3 Ra8 19. Qd2 Qc7 20. Kh2 Bb7 21.
Rxa8 Rxa8 22. Nd3 Nxd3 23. cxd3 Qd7 24. Rc1 d5 25. exd5 exd5 26. d4 Ne7 27. Qxb4 Nf5 28. Bf4 Ba6 29. Rc7 Qd8 30. Nc3 g5 31. Nxd5 gxf4 32. g4 Nxd4 33. Be4 f3 34. Qe7 Qxe7 35. Rxe7 Rb8 36. Kg3 Nxb3 37. g5 Nd2 38. Bf5 Nc4 39. Ra7 Bb7 40. Nf6+ Bxf6 41. gxf6 Nd6 42. Kf4 Nxf5 43.
Kxf5 h6 44. h4 Bc8+ 45. Kf4 Rb4+ 46. Kxf3 Rxh4 47. Kg3 Rc4 48. f4 Be6 49. Re7 Rc5 50. Kf3 Kh7 51. Ke4 Kg6 0-1

[Event "*** Titled Tuesday 3|2 Blitz"]
[Site "Chess.com"]
[Date "2015.08.04"]
[Round "9"]
[White "stepanosinovsky"]
[Black "fpawn"]
[Result "1-0"]
[WhiteElo "2259"]
[BlackElo "2091"]
[TimeControl "180+2"]
[EndTime "13:28:21 PDT"]
[Termination "stepanosinovsky won by resignation"]

1. g3 d5 2. Bg2 c6 3. d3 Nf6 4. Nd2 e6 5. e4 dxe4 6. dxe4 Nbd7 7. Ngf3 Be7 8. O-O O-O 9. c3 e5 10. Nc4 Qc7 11. a4 Nxe4 12. Re1 Nef6 13. Nfxe5 Nxe5 14. Nxe5 Bd6 15. Nc4 Rd8 16. Nxd6 Qxd6 17. Qc2 Qd3 18. Qxd3 Rxd3 19. a5 a6 20. Bg5 Be6 21. Bxf6 gxf6 22. Rad1 Rad8 23. Bf3 Kf8 24. Kf1 Ke7 25. Rxd3 Rxd3 26.
Ke2 Rd8 27. Ke3 Rd7 28. Ra1 Kd6 29. Ra4 Bf5 30. Rd4+ Ke7 31. Rb4 Kd6 32. Rf4 Ke5 33. Rb4 Bg6 34. Bg4 Re7 35. Rd4 f5 36. Bf3 Ke6 37. Kf4 f6 38. h4 h6 39. Bd1 Rd7 40.
Bb3+ Ke7 41. Rxd7+ Kxd7 42. Bc2 Ke6 43. g4 Kd6 44. Bxf5 Bf7 45. Bd3 Be6 46. g5 fxg5+ 47.
hxg5 hxg5+ 48. Kxg5 Ke5 49. f4+ Kd6 50. f5 Bf7 51.
Kf6 Bd5 52. Kg7 Ke5 53. f6 1-0

[Event "*** Titled Tuesday 3|2 Blitz"]
[Site "Chess.com"]
[Date "2015.08.04"]
[Round "9"]
[White "wonderfultime"]
[Black "Krutoy123"]
[Result "1/2-1/2"]
[WhiteElo "2626"]
[BlackElo "2160"]
[TimeControl "180+2"]
[EndTime "13:28:24 PDT"]
[Termination "Game drawn by agreement"]

1. d4 Nf6 2. c4 e6 3. Nf3 d5 4. Nc3 Be7 5. Bf4 O-O 6. e3 Nbd7 7. c5 Nh5 8. Bd3 Nxf4 9. exf4 c6 10. b4 b6 11. O-O a5 12. a3 Qc7 13. g3 Ba6 14. Bxa6 Rxa6 15. Qd3 Rfa8 16. b5 cxb5 17. Nxb5 Qc6 18. cxb6 Rxb6 19. a4 Qb7 20. Rfc1 Rc8 21. f5 Rbc6 22. Rxc6 Rxc6 23. Re1 Bf6 24. fxe6 Rxe6 25.
Rxe6 fxe6 26. Qe3 Qc6 27. Qf4 h6 28. h4 Nb6 29. Qb8+ Kh7 30. h5 Nxa4 31. Nd6 Qb6 32. Qf8 Qd8 33. Ne8 Qe7 34. Nxf6+ Qxf6 35. Qe8 Qxf3 36.
Qg6+ Kh8 37. Qe8+ Kh7 38. Qg6+ Kg8 39. Qe8+ Qf8 40. Qxa4 Qd8 41. Qc6 Kf7 42. Kg2 Qb8 43.
Qc2 Qb6 44. Qg6+ Kf8 45. Qd3 Qa7 46. Qf3+ Kg8 47. Qe2 Qb6 48. Qd1 Qc6 49. Qd3 a4 50. Qa3 Kf7 51. Qf3+ Ke8 52. Qd3 Kd8 53. Qg6 Qd7 54. Qd3 Qe7 55. Qb5 Qd7 56. Qb4 Kc7 57.
Qa5+ Kb7 58. Qb4+ Ka6 59. Qf8 Qc6 60. Qxg7 a3 61. Qe7 Qa4 62. Qxe6+ Ka7 63. Qe7+ Kb8 64. Qd8+ Ka7 65. Qc7+ Ka6 66. Qd6+ Ka7 67. Qc7+ 1/2-1/2

[Event "*** Titled Tuesday 3|2 Blitz"]
[Site "Chess.com"]
[Date "2015.08.04"]
[Round "9"]
[White "GMG"]
[Black "GregShahade"]
[Result "1/2-1/2"]
[WhiteElo "2398"]
[BlackElo "2293"]
[TimeControl "180+2"]
[EndTime "13:28:26 PDT"]
[Termination "Game drawn by repetition"]

1. Nf3 c5 2. c4 g6 3. e4 Nc6 4. d4 cxd4 5. Nxd4 d6 6. Be3 Nf6 7. f3 Bg7 8. Nc3 O-O 9. Qd2 Bd7 10.
Be2 Nxd4 11. Bxd4 Bc6 12. O-O Qa5 13. Rfc1 Rfc8 14. b3 Nd7 15. Be3 Nc5 16. Rab1 Qd8 17.
b4 Ne6 18. Nd5 Bxd5 19. exd5 Nf8 20. c5 a5 21. c6 bxc6 22. dxc6 axb4 23. Rxb4 Qa5 24.
a4 Ne6 25. Bb5 d5 26. Rb3 Qd8 27. Qb4 d4 28. Bd2 Be5 29. g3 Qc7 30. Kg2 Bd6 31. Qc4 h5 32. Re1 Nc5 33. Rbb1 e5 34. Qd5 Ne6 35. f4 Rd8 36. fxe5 Bb4 37. Qa2 Bc3 38. Qc2 Bxd2 39. Qxd2 Rd5 40. Qd3 Rxe5 41. Rxe5 Qxe5 42. Rc1 Rd8 43. Qc4 d3 44. c7 Qe2+ 45. Kg1 Qe3+ 46.
Kg2 Qe2+ 47. Kg1 Qe3+ 48. Kh1 Qf3+ 49. Kg1 Qe3+ 1/2-1/2

[Event "*** Titled Tuesday 3|2 Blitz"]
[Site "Chess.com"]
[Date "2015.08.04"]
[Round "9"]
[White "drifblim"]
[Black "yurisolo"]
[Result "0-1"]
[WhiteElo "2037"]
[BlackElo "2372"]
[TimeControl "180+2"]
[EndTime "13:28:27 PDT"]
[Termination "yurisolo won by resignation"]

1. e4 g6 2. d4 d6 3. Nc3 a6 4. Be3 b5 5. f3 Nd7 6. Qd2 Bb7 7.
O-O-O c5 8. d5 Qa5 9. Kb1 Nb6 10.
Nce2 Qxd2 11. Bxd2 h5 12. Nc1 Bh6 13. Bc3 Nf6 14.
b3 O-O 15. h3 h4 16. Nge2 Nh5 17. Be1 Bg5 18. g4 hxg3 19. Nxg3 Nf4 20. h4 Bf6 21. h5 c4 22. hxg6 fxg6 23. Nce2 Be5 24. Nxf4 Rxf4 25.
Bg2 Nd7 26. Bd2 Rf7 27. Ne2 cxb3 28. cxb3 Nc5 29. Be3 a5 30. Nd4 b4 31. Bh3 Ba6 32. Ne6 Rxf3 33. Nxc5 dxc5 34. Be6+ Kg7 35. Bxc5 a4 36. d6 exd6 37. Bxd6 Bc3 38. Bc4 axb3 39. Bxb3 Be2 40. Rd5 Bd3+ 41. Rxd3 Rxd3 42. e5 Rd2 43.
Bc2 Rg2 44. Rf1 Rh8 45. Bb3 Rhh2 46. Rf7+ Kh6 47. Bf8+ Kg5 48. Be7+ Kg4 49. Be6+ Kg3 50. Bb3 Rg1+ 0-1

[Event "*** Titled Tuesday 3|2 Blitz"]
[Site "Chess.com"]
[Date "2015.08.04"]
[Round "9"]
[White "AnthonyWirig"]
[Black "Gergo85"]
[Result "1-0"]
[WhiteElo "2503"]
[BlackElo "2324"]
[TimeControl "180+2"]
[EndTime "13:28:32 PDT"]
[Termination "AnthonyWirig won by checkmate"]

1. e4 c6 2. Nf3 d6 3. Nc3 e5 4. d4 Nd7 5. Bc4 Be7 6. dxe5 dxe5 7. O-O Ngf6 8. a4 O-O 9. Qe2 a5 10. Rd1 Qc7 11. h3 h6 12. b3 Nb6 13.
Bd3 Be6 14. Nh4 Rfd8 15. Nf5 Bxf5 16. exf5 Nbd5 17. Nxd5 cxd5 18. Bb5 Bb4 19. c4 d4 20. f3 Bc5 21. Rd3 Qc8 22. g4 Qc7 23. Kg2 Bd6 24.
Bd2 Nd7 25. Bxd7 Rxd7 26. Qe4 Re7 27. h4 Ra6 28. g5 Bb4 29. Bxb4 axb4 30. Re1 Rd6 31.
f4 f6 32. Kh3 Rdd7 33. gxf6 gxf6 34. Rg1+ Rg7 35. Rdg3 Rxg3+ 36. Rxg3+ Rg7 37. fxe5 fxe5 38. f6 Rxg3+ 39. Kxg3 Kf8 40. Kf3 Qd6 41. Qg6 Qc6+ 42. Kf2 Qe6 43. Qxh6+ Ke8 44. Qg6+ Kd7 45. h5 e4 46. h6 d3 47. h7 e3+ 48. Kf3 d2 49. Qd3+ Kc7 50. h8=Q d1=Q+ 51. Qxd1 Qf5+ 52. Ke2 Qg4+ 53.
Kxe3 Qxd1 54. Qg7+ Kc6 55. Qg2+ Kc7 56. Qf3 Qxb3+ 57. Ke4 Qxc4+ 58. Ke5 Qc3+ 59. Qxc3+ bxc3 60. f7 c2 61. f8=Q c1=Q 62. Qd6+ Kc8 63. Qd4 Qe1+ 64. Kd5 Qa5+ 65. Kd6 Qa6+ 66. Ke7 Qc6 67. Qd8# 1-0

[Event "*** Titled Tuesday 3|2 Blitz"]
[Site "Chess.com"]
[Date "2015.08.04"]
[Round "9"]
[White "Fh2411"]
[Black "rhungaski"]
[Result "0-1"]
[WhiteElo "2173"]
[BlackElo "2464"]
[TimeControl "180+2"]
[EndTime "13:28:33 PDT"]
[Termination "rhungaski won on time"]

1. d4 d5 2. c4 dxc4 3. e3 Nf6 4. Bxc4 e6 5. Nf3 a6 6. a4 c5 7. O-O Nc6 8. Nc3 Be7 9. Ne5 cxd4 10. Nxc6 bxc6 11.
exd4 a5 12. Be3 Ba6 13. b3 Bb4 14. Rc1 O-O 15. Qe2 Bb7 16. Bg5 h6 17. Bxf6 Qxf6 18. Rfd1 c5 19. Ne4 Qg6 20. Ng3 Rfd8 21. dxc5 Bxc5 22. Rxd8+ Rxd8 23. Rd1 Rxd1+ 24. Qxd1 Qf6 25. Qe1 Qd4 26. h3 Bb6 27. Nf1 g6 28. Qe2 Kg7 29. Nd2 Qa1+ 30. Nf1 h5 31. Bd3 Bd5 32. Bc4 Bb7 33.
Bd3 h4 34. Be4 Qe5 35. Nd2 f5 36. Nc4 Qa1+ 37. Qf1 Qxf1+ 38. Kxf1 Ba6 39. Bc6 Bc7 40.
Bb5 Bb7 41. Bd7 Kf6 42. f3 e5 43. Bb5 g5 44. Ne3 e4 45. fxe4 Bxe4 46. Bc4 Ke5 47.
Nd1 Kd4 48. Nf2 Ke3 0-1

[Event "*** Titled Tuesday 3|2 Blitz"]
[Site "Chess.com"]
[Date "2015.08.04"]
[Round "9"]
[White "zmaj23"]
[Black "MITerryble"]
[Result "0-1"]
[WhiteElo "2486"]
[BlackElo "2582"]
[TimeControl "180+2"]
[EndTime "13:28:35 PDT"]
[Termination "MITerryble won by resignation"]

1. b4 Nf6 2. Bb2 e5 3. b5 d6 4. a4 g6 5. e3 Bg7 6. Be2 O-O 7. Nf3 a6 8. O-O axb5 9. axb5 Rxa1 10. Bxa1 b6 11. c4 Bb7 12. d4 exd4 13. Nxd4 Nbd7 14. Bf3 Bxf3 15. Qxf3 Ne5 16. Qe2 Qa8 17. Nc3 Qa3 18. f4 Ned7 19. Nf3 Re8 20. Nd4 Nc5 21. Bb2 Qa8 22. Ra1 Qc8 23. Nc6 h5 24. Ra7 Kh7 25. h3 Qd7 26. Nd5 Nxd5 27. cxd5 Bxb2 28. Qxb2 Rxe3 29.
Qf6 Ne4 30. Qh4 Rd3 31. Ra8 Qf5 32. Ne7 Qf6 33. Qxf6 Nxf6 34. Rc8 Nxd5 35. Nxd5 Rxd5 36. Rxc7 Kg7 37. Rc6 Rxb5 38. Rxd6 Rb2 39. Kf1 h4 40. Rc6 b5 41. Rb6 b4 42. Kg1 b3 43. Kf1 Kf8 44.
Rb7 Kg7 45. Rb6 Kf8 46. Rb7 Ke8 47. Kg1 Kd8 48. Kf1 Kc8 49. Rb4 Kc7 50. f5 g5 51.
Kg1 Kc6 52. Kf1 Kd5 53. Rb7 Ke5 54. Rxf7 Rc2 55. Rb7 b2 56. Rb5+ Kf6 57. Rb6+ Kxf5 58. Rb5+ Kg6 59. Rb6+ Kh5 0-1

[Event "*** Titled Tuesday 3|2 Blitz"]
[Site "Chess.com"]
[Date "2015.08.04"]
[Round "9"]
[White "ajkom197"]
[Black "Bab3s"]
[Result "1-0"]
[WhiteElo "2249"]
[BlackElo "2125"]
[TimeControl "180+2"]
[EndTime "13:28:37 PDT"]
[Termination "ajkom197 won by checkmate"]

1. d4 Nf6 2. Bf4 e6 3. e3 c5 4.
c3 b6 5. h3 Bb7 6. Nf3 Be7 7.
Be2 O-O 8. O-O d6 9. Bh2 Nbd7 10.
Nbd2 a6 11. Rc1 b5 12. Qc2 Rc8 13. Qb1 Qb6 14. e4 Rfd8 15. Rfd1 h6 16. e5 dxe5 17.
dxe5 Nd5 18. Ne4 Nf8 19. c4 Nb4 20. a3 Bxe4 21. Qxe4 Nc6 22. cxb5 axb5 23. Bf4 c4 24.
Be3 Bc5 25. Bxc5 Qxc5 26. a4 Rxd1+ 27. Bxd1 bxa4 28. Rxc4 Qb6 29. Bxa4 Ne7 30. Rxc8 Nxc8 31. b4 Ne7 32. Qd4 Qb7 33. Bc2 Nd5 34. Be4 Qxb4 35. Bxd5 Qxd4 36. Nxd4 exd5 37. f4 g5 38. g3 gxf4 39.
gxf4 Ng6 40. Ne2 d4 41. Nxd4 Nxf4 42. Kh2 Kg7 43. Kg3 Ne6 44. Nxe6+ fxe6 45. Kf4 Kg6 46. h4 h5 47. Ke4 Kg7 48. Ke3 Kf7 49. Kd4 Kg6 50.
Kc5 Kf5 51. Kd6 Kg4 52. Kxe6 Kxh4 53. Kf5 Kg3 54. e6 h4 55. e7 h3 56. e8=Q Kg2 57. Qe2+ Kg1 58. Qe1+ Kg2 59. Qe2+ Kg1 60. Kf4 h2 61.
Kg3 h1=Q 62. Qf2# 1-0

[Event "*** Titled Tuesday 3|2 Blitz"]
[Site "Chess.com"]
[Date "2015.08.04"]
[Round "9"]
[White "Dlugy"]
[Black "Janosik"]
[Result "1/2-1/2"]
[WhiteElo "2538"]
[BlackElo "2531"]
[TimeControl "180+2"]
[EndTime "13:28:54 PDT"]
[Termination "Game drawn by agreement"]

1. d4 Nf6 2. c4 e6 3. Nf3 Bb4+ 4. Bd2 c5 5. Bxb4 cxb4 6. g3 b6 7. Bg2 Bb7 8. O-O a5 9. Nbd2 O-O 10. Ne1 Bxg2 11.
Nxg2 d6 12. Ne3 Qe7 13. Rc1 Rc8 14. Nf3 Nbd7 15. Qd3 Rc7 16. Rc2 Rac8 17. Rfc1 g6 18. h4 Kg7 19. a3 bxa3 20. Qxa3 e5 21. b4 e4 22. Nd2 d5 23. cxd5 Rxc2 24. Rxc2 Rxc2 25.
Nxc2 axb4 26. Qxb4 Qxb4 27. Nxb4 Kf8 28. Nc4 Ne8 29. Kg2 f6 30. f3 exf3+ 31. Kxf3 f5 32. g4 b5 33. Ne5 Ndf6 34. gxf5 gxf5 35. Kf4 Nd6 36. Nf3 Ke7 37. Nd2 Nd7 38. Kg5 Kf7 39. Nf1 Kg7 40. Ng3 h6+ 41. Kf4 Kf6 42. e3 Nf8 43. h5 Nd7 44. Nc6 Nb6 45. Nb4 Nbc4 46.
Ne2 Nd2 47. Nc3 N2e4 48. Nxe4+ Nxe4 49. Nd3 Nd6 50. Nb4 Ne4 51. Nd3 Nd6 52. Ne5 b4 53. Nd7+ Ke7 54. Nc5 Kf6 55. e4 fxe4 56. Nxe4+ Ke7 57. Nc5 Kf6 58. Nb3 Nc4 59. Ke4 Nd6+ 60.
Kf4 Nc4 61. Nc5 Nd6 62. Ne4+ Ke7 63. Nd2 Kf6 64. Kg4 Nb5 65. Nb3 Nd6 66. Kf4 Nb5 67. Ke4 Nd6+ 68. Kf4 Nb5 1/2-1/2

[Event "*** Titled Tuesday 3|2 Blitz"]
[Site "Chess.com"]
[Date "2015.08.04"]
[Round "9"]
[White "MFBerna"]
[Black "josiwales"]
[Result "1-0"]
[WhiteElo "2107"]
[BlackElo "2053"]
[TimeControl "180+2"]
[EndTime "13:29:11 PDT"]
[Termination "MFBerna won by resignation"]

1. e4 c5 2. Nf3 Nc6 3. d4 cxd4 4. Nxd4 g6 5. Nc3 Bg7 6. Be3 Nf6 7. Bc4 O-O 8. Bb3 d6 9. f3 Bd7 10. Qd2 Nxd4 11.
Bxd4 b5 12. O-O a5 13. a4 b4 14. Nd1 Be6 15. Nf2 Bxb3 16. cxb3 Nd7 17. Bxg7 Kxg7 18. Qd4+ Kg8 19. Nd3 Qb6 20. Qxb6 Nxb6 21. Rac1 Rac8 22. Kf2 f6 23. Ke3 Kf7 24. Kd4 e5+ 25. Ke3 Ke6 26.
f4 Rxc1 27. Rxc1 Rc8 28. Rxc8 Nxc8 29. g4 Nb6 30. h4 h6 31. f5+ gxf5 32. gxf5+ Ke7 33.
Kf3 h5 34. Ke3 Kd7 35. Nf2 Kc6 36. Nh1 d5 37. Ng3 dxe4 38. Kxe4 Nd7 39. Nxh5 Kd6 40. Kd3 Kd5 41. Ke3 Kd6 42. Ng3 Ke7 43. h5 Nc5 44. h6 Kf7 45. Nh5 Kg8 46. Nxf6+ Kh8 47. Ng4 Kh7 48.
f6 Ne6 49. Ke4 Ng5+ 50. Kxe5 Nf7+ 51. Ke6 Nh8 52. f7 Ng6 53. Kd7 Kh8 54. Kc6 Kh7 55. Kb5 Nf8 56. Kxa5 Nd7 57. Kxb4 Nf8 58. Kb5 Ne6 59. a5 Nd4+ 60. Kb6 Ne6 61. a6 Nf8 62. a7 Nd7+ 63. Kc7 Nb8 64. axb8=Q 1-0

[Event "*** Titled Tuesday 3|2 Blitz"]
[Site "Chess.com"]
[Date "2015.08.04"]
[Round "9"]
[White "hansen"]
[Black "DeviatkinAndrey"]
[Result "1-0"]
[WhiteElo "2507"]
[BlackElo "2528"]
[TimeControl "180+2"]
[EndTime "13:29:19 PDT"]
[Termination "hansen won by resignation"]

1. e4 c6 2. d4 d5 3. e5 Bf5 4. Nf3 e6 5. Be2 Ne7 6. Nbd2 Nd7 7. Nb3 c5 8. dxc5 Nc6 9. Be3 Bg4 10. Nfd4 Bxe2 11. Qxe2 Nxd4 12. Bxd4 Rc8 13. Rd1 Bxc5 14.
Nxc5 Nxc5 15. c4 O-O 16. O-O Qe7 17. cxd5 exd5 18. Rc1 b6 19. Rfd1 g6 20. Qf3 Ne6 21. Be3 d4 22. Bd2 Rfd8 23. g3 Kg7 24. h4 h5 25. b4 b5 26. Rxc8 Rxc8 27. Qd5 a6 28. a3 Rc7 29. Bg5 Nxg5 30. hxg5 Rd7 31. Qe4 Qxg5 32.
Rxd4 Re7 33. Rd5 Re6 34. Kg2 Qe7 35. Qd4 Qg5 36. Rc5 Qf5 37. Qf4 Qxf4 38. gxf4 f6 39.
Kf3 fxe5 40. fxe5 g5 41. Ke4 Kg6 42. Kd5 Kf5 43. Kd4 h4 44. Rc8 Re7 45. Rf8+ Kg4 46. Ke4 h3 47. Rh8 Rf7 48. e6 Rxf2 49. Ke5 Kg3 50.
e7 Re2+ 51. Kf6 g4 52. e8=Q Rxe8 53. Rxe8 h2 54. Rh8 Kg2 55. Kg5 g3 56. Kf4 Kf2 57.
Rh3 g2 58. Rxh2 Kf1 59. Rxg2 Kxg2 60. Ke3 Kf1 61. Kd4 Ke2 62. Kc5 Kd3 63. Kb6 1-0

[Event "*** Titled Tuesday 3|2 Blitz"]
[Site "Chess.com"]
[Date "2015.08.04"]
[Round "9"]
[White "tac49"]
[Black "1stSecond"]
[Result "0-1"]
[WhiteElo "2457"]
[BlackElo "2395"]
[TimeControl "180+2"]
[EndTime "13:29:41 PDT"]
[Termination "1stSecond won by resignation"]

1. e4 e5 2. Nf3 Nc6 3. Bb5 a6 4.
Ba4 Nge7 5. O-O g6 6. Nc3 Bg7 7.
Nd5 O-O 8. d3 Nxd5 9. exd5 Ne7 10. Bb3 Nf5 11. c3 d6 12. Bg5 Qd7 13. Re1 h6 14.
Bd2 Qd8 15. d4 exd4 16. cxd4 Kh7 17. Rc1 Bd7 18. Ba5 b6 19. Bc3 a5 20. a3 b5 21. Qd2 a4 22. Bc2 Ra7 23. Bd3 Qf6 24. h3 Rb7 25. Re4 Re8 26. Rxe8 Bxe8 27. Qf4 Ne7 28. Qe4 Bd7 29. Re1 Bf8 30. Nd2 Rb8 31. Re3 Re8 32. Rf3 Bf5 33. Qe2 Rb8 34. Bxf5 gxf5 35. Ne4 Qh8 36. Ng3 Qf6 37. Qd3 Qg6 38.
Nxf5 Nxd5 39. Rg3 Nf4 40. Qc2 Ne2+ 41. Qxe2 Qxf5 42. Rf3 Qg6 43. d5 f5 44. Qe3 Re8 45. Qd4 Bg7 46. Qxg7+ Qxg7 47. Bxg7 Kxg7 48. Rxf5 Re2 49.
Rf3 Rxb2 50. Rc3 Kf6 51. Rxc7 Ke5 52. Rh7 Ra2 53. Rb7 Rb2 54. Rh7 Rb3 55. Rxh6 Rxa3 56. g4 b4 57. Rh7 b3 58. Rb7 Ra2 59. g5 Kf5 60. h4 b2 61. Kg2 a3 62. Rf7+ Kg6 63.
Rf6+ Kg7 64. h5 b1=Q 65. h6+ Kg8 66. g6 Qe4+ 67. Kh3 Qh1+ 68. Kg4 Qxh6 0-1